 Dungeon Crawl Stone Soup version 0.26-a0-639-g72c4674329 (webtiles) character file.

Game seed: 16539493134251834549

2485 Kaptain the Firebug (level 9, -7/65 HPs)
             Began as a Demonspawn Fire Elementalist on Sept 19, 2020.
             Blown up by Maggie (28 damage)
             ... with a disintegration bolt
             ... on level 8 of the Dungeon.
             The game lasted 00:26:34 (7266 turns).

Kaptain the Firebug (Demonspawn Fire Elementalist)  Turns: 7266, Time: 00:26:36

Health: -7/65      AC:  6    Str:  9    XL:     9   Next: 27%
Magic:  12/26      EV: 17    Int: 19    God:
Gold:   415        SH:  0    Dex: 14    Spells: 9/19 levels left

rFire    . . .     SeeInvis .   f - +2 mace (protect)
rCold    + . .     Faith    .   (no shield)
rNeg     . . .     Spirit   .   p - +1 leather armour {rC+}
rPois    +         Reflect  .   s - +0 hat
rElec    .         Harm     .   (no cloak)
rCorr    .         Rampage  .   t - +0 pair of gloves
MR       .....                  n - +0 pair of boots
Stlth    ++........             (no amulet)
HPRegen  0.20/turn              w - ring of poison resistance
MPRegen  0.20/turn              A - ring of magical power

@: mighty, agile
A: horns 2, demonic guardian 1, powered by pain 1
a: no special abilities


You were on level 8 of the Dungeon.
You visited 2 branches of the dungeon, and saw 9 of its levels.
You also visited: Sewer.

You collected 415 gold pieces.

Inventory:

Hand Weapons
 f - a +2 mace of protection (weapon)
 l - a +2 dagger of venom
 v - a +4 falchion
Armour
 n - a +0 pair of boots (worn)
 p - a +1 leather armour of cold resistance (worn)
 s - a +0 hat (worn)
 t - a +0 pair of gloves (worn)
Jewellery
 j - a +6 ring of dexterity
 w - a ring of poison resistance (left hand)
 y - the ring "Sanobrin" {+Blink rCorr Str+2 Dex-5}
   (You found it on level 5 of the Dungeon)

   [ring of resist corrosion]

   It affects your strength (+2).
   It affects your dexterity (-5).
   It lets you blink.
   It provides partial protection from all sources of acid and corrosion.
 A - a ring of magical power (right hand)
Wands
 z - a wand of paralysis (4)
Scrolls
 d - a scroll of amnesia
 e - 2 scrolls of remove curse
 g - 2 scrolls of teleportation
 o - a scroll of blinking {unknown}
 q - 2 scrolls of enchant armour {unknown}
 r - 2 scrolls of identify
Potions
 a - a potion of lignification {unknown}
 b - 4 potions of curing
 c - a potion of mutation {unknown}
 h - a potion of degeneration {unknown}
 i - a potion of ambrosia {unknown}
 m - 2 potions of heal wounds {unknown}
 u - a potion of stabbing {unknown}
 x - 2 potions of magic {unknown}
Miscellaneous
 k - a phantom mirror


   Skills:
 + Level 3.8 Fighting
 + Level 3.6 Armour
 - Level 1.7 Dodging
 + Level 4.5 Stealth
 * Level 5.7 Spellcasting
 * Level 5.9 Conjurations
 * Level 6.0 Fire Magic


You had 9 spell levels left.
You knew the following spells:

 Your Spells              Type           Power        Failure   Level
a - Foxfire               Conj/Fire      ####         1%          1
b - Sticky Flame          Conj/Fire      ####....     14%         4
c - Fireball              Conj/Fire      ####......   36%         5

Your spell library contained the following spells:

 Spells                   Type           Power        Failure   Level
 Conjure Flame            Conj/Fire      ####....     4%          3
 Inner Flame              Hex/Fire       ###.....     14%         3


Dungeon Overview and Level Annotations

Branches:
Dungeon (8/15)             Temple (1/1) D:5           Sewer (visited)
   Lair: D:8-11

Altars:
Ashenzari
Cheibriados
Dithmenos
Elyvilon
Fedhas
Gozag
Makhleb
Nemelex Xobeh
Okawaru
Ru
Sif Muna
Trog
Uskayaw
Vehumet
Zin
The Shining One

Annotations:
D:8 Maggie


Innate Abilities, Weirdness & Mutations

You have a pair of horns on your head.
A weak demonic guardian rushes to your aid.
You sometimes gain a little power by taking damage.


Message History

The hippogriff pecks you but does no damage.
The hippogriff claws you but does no damage.
Casting: Foxfire (safe; 1% risk of failure)
Confirm with . or Enter, or press ? or * to list all spells.
You conjure some foxfire!
The foxfire hits the hippogriff.
You kill the hippogriff!
Your Fire Magic skill increases to level 6!
Unknown command.
Casting: Foxfire (safe; 1% risk of failure)
Confirm with . or Enter, or press ? or * to list all spells.
You conjure some foxfire!
Your foxfire dissipates!
Your foxfire dissipates!
The foxfire hits Maggie.
Maggie is severely wounded.
Your foxfire dissipates!
The foxfire hits Maggie.
Maggie is almost dead.
Maggie zaps a wand.
You are blasted!
You die...

.......##.#####
##..##........# ##
##..#####(###.##.#
....#####.###.#.#
###............###.
######.#......#.
####.#....)§.# #
#...)...#.#..# ..#
#.....#.#..#.#§@######...##
#.....#.#..#.#§§.#.§.......
#.... ..#....5§§.@.§.......
#.....###.......§#.........
#..... ##.#.#########...##
####. ...#.# ...# ##
#####.# ..# #.# .# #.# ##


You could see Maggie and a friendly ufetubus (summoned).

Vanquished Creatures
  A hippogriff (D:8)
  2 water moccasins (D:7)
  A sky beast (D:7)
  A phantom (D:7)
  An ogre (D:5)
  3 centaurs
  4 bullfrogs
  A wyvern zombie (D:7)
  A scorpion (D:4)
  2 wights (D:6)
  A centaur zombie (D:7)
  2 bullfrog zombies (D:5)
  5 hounds
  2 jellies (D:7)
  An orc priest (D:7)
  A centaur skeleton (D:8)
  5 iguanas
  2 orc wizards (D:7)
  2 worker ants (D:4)
  A howler monkey zombie (D:7)
  Robin (D:3)
  10 adders
  4 gnolls (D:3)
  15 oozes
  5 worms (D:3)
  A dart slug (D:3)
  21 leopard geckos
  9 orcs
  7 bats
  16 giant cockroaches
  18 goblins
  9 hobgoblins
  9 jackals
  2 quokkas
  10 ball pythons
  14 frilled lizards
  3 kobolds
  5 rats
198 creatures vanquished.

Vanquished Creatures (collateral kills)
  A hippogriff (D:7)
  A sky beast (D:5)
  A hound (D:4)
  A centaur skeleton (D:4)
4 creatures vanquished.

Vanquished Creatures (others)
  629 foxfires
629 creatures vanquished.

Grand Total: 831 creatures vanquished

Notes
Turn   | Place    | Note
-------+----------+-------------------------------------------
     0 | D:1      | Kaptain the Demonspawn Fire Elementalist began the quest
                  | for the Orb.
     0 | D:1      | Reached XP level 1. HP: 13/13 MP: 3/3
   202 | D:1      | Gained mutation: You have a pair of small horns on your
                  | head. [demonic ancestry]
   202 | D:1      | Reached XP level 2. HP: 19/19 MP: 1/5
  1014 | D:2      | Reached skill level 3 in Fire Magic
  1021 | D:2      | Gained mutation: You have a pair of horns on your head.
                  | [demonic ancestry]
  1021 | D:2      | Reached XP level 3. HP: 22/25 MP: 0/6
  1914 | D:3      | Reached XP level 4. HP: 31/31 MP: 1/7
  2072 | D:3      | Found a glowing drain.
  2080 | Sewer    | Entered a sewer
  2082 | Sewer    | Reached skill level 1 in Armour
  2083 | Sewer    | Reached skill level 1 in Fighting
  2355 | Sewer    | Gained mutation: A weak demonic guardian rushes to your
                  | aid. [demonic ancestry]
  2355 | Sewer    | Reached XP level 5. HP: 37/37 MP: 6/9
  2943 | Sewer    | Gained mutation: You sometimes gain a little power by
                  | taking damage. [demonic ancestry]
  2943 | Sewer    | Reached XP level 6. HP: 43/43 MP: 5/10
  3070 | D:3      | Learned a level 4 spell: Sticky Flame
  3076 | D:3      | Learned a level 5 spell: Fireball
  3147 | D:3      | Noticed Robin
  3212 | D:3      | Killed Robin
  3516 | D:3      | Reached skill level 4 in Fire Magic
  4152 | D:4      | Reached XP level 7. HP: 44/50 MP: 7/12
  4780 | D:4      | You fall into a shaft and drop 3 floors!
  4881 | D:6      | Found a sparkling altar of Nemelex Xobeh.
  4939 | D:5      | Entered Level 5 of the Dungeon
  5131 | D:5      | Reached XP level 8. HP: 57/57 MP: 9/14
  5460 | D:5      | Found a staircase to the Ecumenical Temple.
  5468 | Temple   | Entered the Ecumenical Temple
  5635 | D:5      | Got a translucent jade ring
  5638 | D:5      | Identified the ring "Sanobrin" {+Blink rCorr Str+2 Dex-5}
                  | (You found it on level 5 of the Dungeon)
  5658 | D:5      | You fall into a shaft and drop 2 floors!
  5664 | D:7      | Reached skill level 5 in Fire Magic
  5784 | D:7      | Reached skill level 5 in Conjurations
  5894 | D:7      | Reached skill level 5 in Spellcasting
  5901 | D:7      | Noticed a hippogriff
  5906 | D:7      | Killed a hippogriff
  6294 | D:7      | Reached XP level 9. HP: 64/64 MP: 11/17
  7242 | D:8      | Noticed Maggie
  7264 | D:8      | Reached skill level 6 in Fire Magic
  7266 | D:8      | Blown up by Maggie

Illustrated notes

Levels and vault maps discovered:
D:1:      giann_horns, layout_basic, kennysheep_decorative_pillar
D:2:      layout_loops_ring, hangedman_decor_opposing
D:3:      layout_basic, cheibrodos_sewer_entry_drain, uniq_robin
D:4:      layout_loops_ring, grunt_temple_overflow_open
D:5:      layout_gridville, regret_index_temple_of_mockery,
          minmay_temple_entry_mist
D:6:      layout_rooms, nemelex_lonely_heart_becter
D:7:      layout_cave_pools, serial_co_window_serial,
          co_window_of_opportunity_a, co_window_paths_b, co_window_paths_a,
          co_window_corner_a, co_window_paths_a, co_window_corner_a,
          co_window_of_opportunity_a, co_window_paths_a,
          co_window_of_opportunity_a, co_window_unsneaky_path_e,
          co_window_corner_ca, co_window_corner_b, co_window_broadway_b,
          co_window_broadway_a, co_window_broadway_b, glass_columns_a,
          glass_columns_c, glass_columns_a, glass_columns_a
D:8:      layout_loops_cross, nicolae_overflow_hidden_temple, uniq_erica,
          uniq_maggie
Temple:   nicolae_temple_x_marks_the_god

Skill      XL: |  1  2  3  4  5  6  7  8  9 |
---------------+----------------------------+-----
Stealth        | 2 3 4 |  4.5
Fire Magic     | 3 4 5 6 |  6.0
Conjurations   | 2 3 4 5 |  5.9
Armour         | 1 2 3 |  3.6
Fighting       | 1 2 3 |  3.8
Spellcasting   | 3 4 5 |  5.7
Dodging        | |  1.7

Action                   |  1- 3 |  4- 6 |  7- 9 || total
-------------------------+-------+-------+-------++-------
Melee: Mace              |    26 |    40 |    38 ||   104
       Headbutt          |     2 |     3 |     7 ||    12
 Cast: Foxfire           |    51 |   145 |   185 ||   381
  Use: Scroll            |     3 |     2 |     4 ||     9
       Potion            |       |       |     2 ||     2
 Stab: Sleeping          |     1 |       |       ||     1
       Distracted        |       |     1 |       ||     1
Armor: Robe              |     7 |       |       ||     7
       Leather armour    |     6 |    17 |    19 ||    42
Dodge: Dodged            |    35 |    66 |    57 ||   158

Table legend: (Time is in decaauts)
 A = Elapsed time spent in this place.
 B = Non-inter-level travel time spent in this place.
 C = Inter-level travel time spent in this place.
 D = Time resting spent in this place.
 E = Time spent auto-exploring this place.
 F = Levels seen in this place.
 G = Mean time per level.
                   A        B        C        D        E       F      G
               +--------+--------+--------+--------+--------+-----+--------+
         Total |   7368 |   7144 |    224 |   2123 |   3474 |  10 |  736.8 |
       Dungeon |   6314 |   6090 |    224 |   1469 |   3428 |   8 |  789.2 |
        Temple |     37 |     37 |      0 |      0 |      0 |   1 |   37.0 |
         Sewer |   1016 |   1016 |      0 |    654 |     46 |   1 | 1016.0 |
               +--------+--------+--------+--------+--------+-----+--------+

Top non-repeatable levels by time:
     D:7: 1296 daAuts
     D:3: 1222 daAuts
     D:2: 1038 daAuts
   Sewer: 1016 daAuts
     D:1: 944 daAuts
     D:5: 683 daAuts
     D:4: 650 daAuts
     D:8: 337 daAuts
     D:6: 141 daAuts
  Temple: 37 daAuts
